 Dungeon Crawl Stone Soup version 0.30.0-11-gf55b779eaf (webtiles) character file.

Game seed: 8787294074205470647

4173 jurchenman the Thaumaturge (level 10, -4/50 HPs)
             Began as a Deep Elf Conjurer on May 16, 2023.
             Was a Believer of Vehumet.
             Slain by Amaemon
             ... wielding a +1 demon whip of venom
              (5 damage)
             ... on level 8 of the Dungeon.
             The game lasted 00:42:03 (10543 turns).

jurchenman the Thaumaturge (Deep Elf Conjurer)     Turns: 10543, Time: 00:42:05

Health: -4/50      AC:  5    Str:  4    XL:     10   Next: 7%
Magic:  37/45      EV: 15    Int: 28    God:    Vehumet [**....]
Gold:   516        SH:  0    Dex: 13    Spells: 22/32 levels left

rFire   . . .        v - +3 dagger (venom)
rCold   . . .        (no shield)
rNeg    . . .        a - +1 robe
rPois   .            (no helmet)
rElec   .            (no cloak)
rCorr   .            e - +1 pair of gloves
SInv    .            (no boots)
Will    +....        (no amulet)
Stlth   ++           h - ring of magical power
HPRegen 0.28/turn    z - ring of magical power
MPRegen 0.29/turn

%: no passive effects
@: lethally poisoned (-4 -> -60)
A: no striking features
a: Renounce Religion


You were on level 8 of the Dungeon.
You worshipped Vehumet.
Vehumet was pleased with you.
You visited 2 branches of the dungeon, and saw 9 of its levels.
You also visited: Ossuary.

You collected 516 gold pieces.

Inventory:

Hand Weapons
 d - the +3 sling of Distant Worlds {drain, Will+ rCorr}
   (You found it on level 7 of the Dungeon)

   rCorr:     It protects you from acid and corrosion.
   Will:      It increases your willpower.
 v - a +3 dagger of venom (weapon)
 y - a +3 dagger
Missiles
 g - 67 stones
 m - 19 poisoned darts (quivered)
Armour
 a - a +1 robe (worn)
 e - a +1 pair of gloves (worn)
Jewellery
 h - a ring of magical power (left hand)
 z - a ring of magical power (right hand)
Wands
 o - a wand of iceblast (18)
 r - a wand of flame (18)
 B - a wand of light (7)
 D - a wand of mindburst (14)
Scrolls
 k - 3 scrolls of teleportation
 n - 2 scrolls of fog
 t - 7 scrolls of identify
 u - 2 scrolls of blinking
 A - a scroll of silence
 C - 2 scrolls of amnesia
Potions
 b - 2 potions of magic
 c - 3 potions of curing
 f - 3 potions of invisibility
 i - a potion of cancellation
 l - 3 potions of might
 p - 2 potions of flight
 q - a potion of resistance
 s - a potion of ambrosia
 x - 2 potions of heal wounds


   Skills:
 + Level 8.1 Dodging
 - Level 2.4 Stealth
 + Level 11.9 Spellcasting
 + Level 10.7 Conjurations
 + Level 1.6 Fire Magic
 - Level 3.2 Earth Magic


You had 22 spell levels left.
You knew the following spells:

 Your Spells              Type           Power      Damage    Failure   Level
a - Magic Dart            Conj           100%       1d8       1%          1
b - Searing Ray           Conj           100%       2d8       1%          2
c - Iskenderun's Mystic   Conj/Tloc      46%        2d10      3%          4
d - Sandblast             Erth           68%        2d15      1%          1
e - Scorch                Fire           50%        2d7       2%          2

Your spell library contained the following spells:

 Spells                   Type           Power      Damage    Failure   Level
 Dazzling Flash           Conj/Hex       92%        N/A       1%          3
 Summon Small Mammal      Summ           64%        N/A       3%          1
 Fulminant Prism          Conj/Hex       23%        3d12      3%          4
 Call Canine Familiar     Summ           16%        N/A       10%         3
 Portal Projectile        Hex/Tloc       32%        N/A       10%         3
 Summon Guardian Golem    Hex/Summ       16%        N/A       10%         3
 Tukima's Dance           Hex            16%        N/A       10%         3
 Blade Hands              Tmut           8%         N/A       67%         5


Dungeon Overview and Level Annotations

Branches:
Dungeon (8/15)             Temple (1/1) D:5         Ossuary (visited)
   Lair: D:8-11

Altars:
Ashenzari
Cheibriados
Dithmenos
Elyvilon
Fedhas
Gozag
Hepliaklqana
Kikubaaqudgha
Makhleb
Nemelex Xobeh
Okawaru
Qazlal
Ru
Sif Muna
Trog
Uskayaw
Vehumet
Wu Jian
Xom
Yredelemnul
Zin
The Shining One

Shops:
D:4 (

Annotations:
D:7 3 runed translucent doors, exclusion: oklob plant, hawla's ghost, novice MeNe
D:8 Amaemon


Message History

Amaemon is moderately wounded.
You finish channelling your searing ray.
Amaemon casts a spell at the orange demon.
The orange demon seems to grow toxic.
Casting: Searing Ray (safe; 1% risk of failure)
Confirm with . or Enter, or press ? or * to list all spells.
Aiming: Searing Ray (safe; 1% risk of failure)
Press: ? - help, Shift-Dir - straight line, p - Amaemon The searing ray hits Amaemon!
Amaemon is moderately wounded. (Press . to maintain the ray.) Amaemon hits you with a +1 demon whip of venom.
Amaemon claws you but does no damage. Amaemon completely misses you.
The searing ray hits Amaemon!
Amaemon is heavily wounded.
Amaemon hits you with a +1 demon whip of venom.
You are poisoned.
Amaemon claws you! Amaemon barely misses you.
The searing ray misses Amaemon.
You feel very sick. Amaemon closely misses you. Amaemon claws you.
Amaemon tail-slaps you.
You are lethally poisoned!
Amaemon poisons you!
The searing ray hits Amaemon!
Amaemon is heavily wounded.
You finish channelling your searing ray.
You feel very sick.
Amaemon hits you with a +1 demon whip of venom!
* * * LOW HITPOINT WARNING * * *
You are more poisoned.
Amaemon closely misses you.
Amaemon tail-slaps you but does no damage.
The orange demon stings you but does no damage.
You feel much better.
You feel extremely sick.
Amaemon hits you with a +1 demon whip of venom!!
* * * LOW HITPOINT WARNING * * *
You are more poisoned.
Amaemon claws you.
You die...

####...###...# #.#.......
.#......# #...# #.#.......
........# ##8####.#..)##..
.........# ####...........
.........# #...#(......
.....[...# #..6#.......
.........# #...#.......
...##...#######)..........
.........@6[.)............
...........4............6.
.........................#
..........................
....###..................
.........................
.........................
..............###........
..............# ....


You could see Amaemon and an orange demon (curare).

Vanquished Creatures
  Pikel (D:6)
  A steam dragon (D:7)
  2 sky beasts
  3 black bears
  An ogre (D:4)
  3 centaurs
  A lemure (D:6)
  A phantom (D:5)
  2 kobold brigands
  5 bullfrogs
  6 scorpions
  14 wights
  6 howler monkeys (D:7)
  4 hounds
  2 jellies
  2 human zombies (Ossuary)
  4 orc priests
  2 sleepcaps
  6 iguanas
  3 orc wizards
  2 hound zombies (Ossuary)
  4 mummies (Ossuary)
  7 gnolls
  7 adders
  2 shadow imps
  4 white imps
  3 ufetubi
  An adder zombie (Ossuary)
  5 worms
  15 orcs
  5 endoplasms
  3 giant cockroaches
  A gnoll zombie (Ossuary)
  5 goblins
  3 hobgoblins
  3 jackals (D:4)
  2 quokkas
  8 ball pythons
  A bat (D:1)
  2 frilled lizards (D:1)
  2 goblin zombies (Ossuary)
  14 kobolds
  A kobold zombie (Ossuary)
  2 orc zombies (Ossuary)
  7 rats
  A rat zombie (Ossuary)
179 creatures vanquished.

Notes
Turn   | Place    | Note
-------+----------+-------------------------------------------
     0 | D:1      | jurchenman the Deep Elf Conjurer began the quest for the
                  | Orb.
     0 | D:1      | Reached XP level 1. HP: 10/10 MP: 6/6
   486 | D:1      | Reached XP level 2. HP: 15/15 MP: 6/8
   512 | D:1      | Learned a level 2 spell: Searing Ray
  1388 | D:2      | Reached skill level 4 in Spellcasting
  1581 | D:2      | Reached skill level 5 in Conjurations
  1581 | D:2      | Reached XP level 3. HP: 19/19 MP: 8/10
  1926 | D:2      | Reached XP level 4. HP: 19/24 MP: 1/12
  2578 | D:3      | Found a shadowy altar of Dithmenos.
  2771 | D:3      | Reached skill level 5 in Spellcasting
  3475 | D:4      | Found a broken altar of Ashenzari.
  3498 | D:4      | Reached XP level 5. HP: 28/28 MP: 6/15
  3665 | D:4      | Noticed an ogre
  3673 | D:4      | Killed an ogre
  3674 | D:4      | Reached skill level 6 in Spellcasting
  3859 | D:4      | Reached XP level 6. HP: 32/32 MP: 8/17
  4424 | D:4      | Found a transporter.
  4519 | D:4      | Found a transporter.
  4519 | D:4      | Found Ustumoij's Weapon Emporium.
  4724 | D:5      | Entered Level 5 of the Dungeon
  4827 | D:5      | Reached skill level 7 in Spellcasting
  5132 | D:5      | Reached XP level 7. HP: 36/36 MP: 15/20
  5545 | D:5      | Reached skill level 8 in Spellcasting
  5876 | D:5      | Found a staircase to the Ecumenical Temple.
  5919 | Temple   | Entered the Ecumenical Temple
  5919 | Temple   | Found a transporter.
  5919 | Temple   | Found a transporter.
  5921 | Temple   | Found a transporter.
  5921 | Temple   | Found a transporter.
  5944 | Temple   | Became a worshipper of Vehumet
  6268 | D:5      | Reached XP level 8. HP: 33/41 MP: 15/22
  6270 | D:5      | Reached skill level 9 in Spellcasting
  6673 | D:5      | Learned a level 4 spell: Iskenderun's Mystic Blast
  6975 | D:6      | Noticed Pikel
  7074 | D:6      | Killed Pikel
  7075 | D:6      | Reached skill level 5 in Dodging
  7075 | D:6      | Reached skill level 10 in Spellcasting
  7990 | D:7      | Found a runed translucent gate.
  7990 | D:7      | Found a runed translucent gate.
  7991 | D:7      | Found a runed translucent gate.
  7991 | D:7      | Found an opulent altar of Gozag.
  8003 | D:7      | Noticed hawla's ghost (novice MeNe)
  8005 | D:7      | Reached XP level 9. HP: 38/45 MP: 25/25
  8079 | D:7      | Reached * piety under Vehumet
  8079 | D:7      | Offered knowledge of Sandblast by Vehumet.
  8096 | D:7      | Learned a level 1 spell: Sandblast
  8258 | D:7      | Reached skill level 1 in Earth Magic
  8283 | D:7      | Identified the +3 sling of Distant Worlds {drain, Will+
                  | rCorr}
  8578 | D:7      | Reached skill level 11 in Spellcasting
  8676 | D:7      | Reached skill level 10 in Conjurations
  9185 | D:7      | Found a blossoming altar of Fedhas.
  9212 | D:7      | Noticed an oklob plant
  9862 | D:8      | Reached ** piety under Vehumet
  9915 | D:8      | Offered knowledge of Scorch by Vehumet.
  9919 | D:8      | Learned a level 2 spell: Scorch
  9983 | D:8      | Found a sand-covered staircase.
 10040 | Ossuary  | Entered an ossuary
 10063 | Ossuary  | Reached skill level 1 in Fire Magic
 10077 | Ossuary  | Reached XP level 10. HP: 28/46 MP: 27/27
 10521 | D:8      | Noticed Amaemon
 10536 | D:8      | Noticed an orange demon
 10542 | D:8      | HP: 2/50 [Amaemon/+1 demon whip of venom (17)]
 10543 | D:8      | Slain by Amaemon

Illustrated notes

Levels and vault maps discovered:
D:1:      dpeg_arrival_water_fire, layout_basic
D:2:      layout_loops_ring
D:3:      layout_basic, grunt_dithmenos_smoke_and_mirrors, serial_glass,
          glass_columns_b, glass_columns_a
D:4:      layout_loops_cross, nicolae_ashenzari_panopticon, serial_shops,
          nicolae_shop_drivethru, minivault_27, minmay_misc_feat_room,
          kennysheep_generic_room_9
D:5:      layout_loops_ring, minmay_temple_entry_statues, dk_noncrumbling_3,
          nicolae_elevator_lobby_plus
D:6:      layout_basic, uniq_pikel
D:7:      minmay_inner_zag, layout_loops_ring, tgw_fedhas, ebering_ghost_gozag,
          minmay_chambers_of_fives
D:8:      layout_basic, chequers_ossuary_entry_cave, uniq_amaemon
Temple:   hellmonk_temple_divided_pantheon

Skill      XL: |  1  2  3  4  5  6  7  8  9 |
---------------+----------------------------+-----
Spellcasting   | 4 5 6 7 8 10 11 | 11.9
Conjurations   | 5 6 7 8 9 10 | 10.7
Dodging        | 3 6 8 |  8.1
Earth Magic    | 3 |  3.2
Fire Magic     | 1 |  1.6
Stealth        | |  2.4

Action                     |  1- 3 |  4- 6 |  7- 9 | 10-12 || total
---------------------------+-------+-------+-------+-------++-------
  Melee: Short sword       |    17 |       |       |       ||    17
         Dagger            |       |    10 |     5 |       ||    15
  Throw: Dart              |     5 |       |     1 |       ||     6
   Cast: Magic Dart        |    51 |    76 |   174 |    36 ||   337
         Searing Ray       |     2 |     8 |    56 |     6 ||    72
         Scorch            |       |       |     4 |     2 ||     6
         Iskenderun's Myst |       |       |     1 |       ||     1
    Use: Scroll            |     7 |    10 |     8 |     1 ||    26
         Potion            |       |       |     4 |     1 ||     5
   Stab: Sleeping          |     5 |     1 |     1 |       ||     7
 Armour: Robe              |     5 |     9 |    22 |     3 ||    39
  Dodge: Dodged            |     8 |    25 |    67 |     5 ||   105
